[Event "8th Montevideo Open 2025"]
[Site "Montevideo"]
[Date "2025.02.06"]
[Round "6.1"]
[White "Coro, Lucas"]
[Black "Vazquez, Facundo"]
[Result "1/2-1/2"]
[Annotator "TA"]
[ECO "B42"]
[WhiteElo "2415"]
[BlackElo "2404"]
[PlyCount "54"]
[EventDate "2025.02.01"]
[EventType "swiss"]
[EventCountry "URU"]
[SourceTitle "playchess.com"]
[Source "ChessBase"]
[SourceQuality "1"]
[TimeControl "5400+30"]

1. e4 c5 2. Nf3 e6 3. d4 cxd4 4. Nxd4 a6 5. Bd3 Bc5 6. Nb3 Ba7 7. Qe2 Ne7 8. Be3 Nbc6 9. O-O Bxe3 10. Qxe3 d5 {[%emt 0:00:52] B42: Sicilian: Kan Variation: 5 Bd3.} 11. e5 Qc7 12. f4 Nb4 {[%emt 0:10:01] White is slightly better.} 13. Nc3 Bd7 14. Rac1 $146 (14. Rae1 Rc8 15. a3 Nbc6 16. Kh1 h5 17. Ne2 b5 18. c3 g6 19. Ned4 Na5 20. Nd2 {1-0 Leon Hoyos,M (2454)-Venegas Ocampo,P (2225) Mexico City Icaro op 2007 (4)}) 14... O-O 15. a3 Nxd3 16. cxd3 Nf5 17. Qf2 Qd8 18. g4 Ne7 19. Nc5 Bc8 20. Ne2 f6 21. Nd4 {[%emt 0:08:48] White has more active pieces.} Qb6 22. exf6 {[%emt 0:01:31][%csl Oe6] White attacks a weakness} Rxf6 23. Qe3 {[%emt 0:10:52][%cal Of4f5] and f5! would now be decisive} Ng6 24. g5 Rf7 25. b4 (25. Ncxe6 $6 Bxe6 26. f5 Bxf5 27. Rxf5 Rff8 (27... Qxb2 $2 28. Rxf7 Kh8 29. Rcf1 $18) 28. Rxf8+ Rxf8 $15) (25. Rf2 $14) 25... a5 $11 26. Na4 {[%emt 0:06:18] A dynamic duo of knights.} (26. Ncxe6 Bxe6 27. f5 Bxf5 28. bxa5 Rxa5 (28... Qxa5 29. Nxf5 Qd8 30. Nd4 $15) 29. Nxf5 Qxe3+ 30. Nxe3 Rxf1+ (30... Rxa3 31. Rc8+ Rf8 32. Rcxf8+ Nxf8 33. Nf5 $15) 31. Kxf1 Rxa3 32. Nxd5 (32. Rc8+ Kf7 $15) 32... Rxd3 $11) 26... Qd8 {[%emt 0:01:04] White must now prevent ...axb4.} 27. Ne2 $2 {[%emt 0:01:01] [#]} (27. Nxe6 $2 {perishes.} Bxe6 28. Qxe6 axb4 $19 (28... Nxf4 $2 29. Qg4 $19)) (27. b5 $11 {and White has nothing to worry.}) 27... Bd7 $2 {[%emt 0:07:49] Weighted Error Value: White=0.26 (precise) /Black=0.05 (flawless)   Loses game:     	White=1     	---        Missed win:     	---       	Black=1      Mistake:       	White=1     	---        Inaccurate:     	White=1     	Black=1      OK:         	White=9     	Black=8} (27... e5 $1 $19 28. fxe5 d4 29. Nxd4 Rxf1+ 30. Rxf1 axb4) 1/2-1/2

[Event "8th Montevideo Open 2025"]
[Site "Montevideo"]
[Date "2025.02.06"]
[Round "6.2"]
[White "Coppola, Claudio"]
[Black "Villca, Julian"]
[Result "1-0"]
[Annotator "TA"]
[ECO "C54"]
[WhiteElo "2220"]
[BlackElo "2413"]
[PlyCount "63"]
[EventDate "2025.02.01"]
[EventType "swiss"]
[EventCountry "URU"]
[SourceTitle "playchess.com"]
[Source "ChessBase"]
[SourceQuality "1"]
[TimeControl "5400+30"]

1. e4 e5 2. Nf3 Nc6 3. Bc4 Bc5 4. c3 Nf6 5. d3 a5 6. O-O {[%emt 0:06:14] d4 poses a challenge C54: Giuoco Piano: 4 c3 Nf6, main lines with 5 d4 and 5 d3.} d6 7. Nbd2 O-O 8. h3 {[%emt 0:02:02] The position is equal.} Ba7 9. Re1 Be6 10. Bb5 Ne7 11. d4 c6 12. Bd3 Ng6 13. Nf1 Nh5 14. Ne3 Nhf4 15. Bc2 h6 $146 (15... exd4 $11 16. cxd4 d5) (15... exd4 16. cxd4 d5 17. e5 Nh4 18. Nxh4 Qxh4 19. Ng4 Bxg4 20. hxg4 Ne6 21. Be3 c5 {0-1 Ayala Delgado,S (2041)-Cordoba Roa,A (2341) COL-chT sf Medellin 2024 (5.2)}) 16. Nf5 $14 exd4 17. N3xd4 {[%emt 0:16:49] [#] and Qf3 should not be overlooked} Bxd4 {[%emt 0:15:59] A mistake that costs the game.} (17... Re8 $14) 18. Qxd4 $18 (18. Nxd4 Qg5 19. g3 (19. Bxf4 Nxf4 20. g3 Nxh3+ 21. Kf1 Rad8 $11) 19... Nxh3+ 20. Kf1 Qf6 $11) 18... Bxf5 $2 (18... Nh5 {was necessary.} 19. Qd1 (19. Qxd6 a4 $16) (19. Nxd6 Nhf4 $18) 19... Nf6 20. Nxd6 (20. Qxd6 Bxf5 21. Qxd8 Rfxd8 $18) 20... Qc7) 19. exf5 Qg5 20. g3 (20. fxg6 $2 Qxg2#) 20... Ne5 21. Qxf4 (21. Bxf4 $2 {too greedy.} Nf3+ 22. Kg2 Nxd4 $19) 21... Qxf4 22. Bxf4 Nf3+ 23. Kf1 Nxe1 24. Rxe1 Rfe8 25. Rxe8+ Rxe8 26. Bxd6 Rd8 27. Bf4 Rd5 28. c4 {[%emt 0:05:20] White is clearly winning.} Rd4 29. b3 Rd7 30. h4 a4 31. bxa4 Kf8 {[%emt 0:01:38] [#]} 32. f6 $1 {[%emt 0:00:34] Weighted Error Value: White=0.05 (flawless) /Black=0.34  Mistake:       	---       	Black=3      OK:         	White=13    	Black=8      Best:        	White=1     	Black=1} 1-0

[Event "8th Montevideo Open 2025"]
[Site "Montevideo"]
[Date "2025.02.06"]
[Round "6.3"]
[White "Mussanti, Diego"]
[Black "Hoffman, Alejandro"]
[Result "1-0"]
[Annotator "TA"]
[ECO "B79"]
[WhiteElo "2173"]
[BlackElo "2368"]
[PlyCount "57"]
[EventDate "2025.02.01"]
[EventType "swiss"]
[EventCountry "URU"]
[SourceTitle "playchess.com"]
[Source "ChessBase"]
[SourceQuality "1"]
[TimeControl "5400+30"]

1. e4 c5 2. Nf3 d6 3. d4 cxd4 4. Nxd4 Nf6 5. Nc3 g6 6. Be3 Bg7 7. f3 O-O 8. Qd2 Nc6 9. Bc4 Bd7 10. O-O-O Qa5 11. Bb3 Rfc8 12. g4 Ne5 13. h4 Nc4 14. Bxc4 Rxc4 15. Nb3 Qa6 {[%emt 0:03:15] [#] B79: Sicilian Dragon: Yugoslav Attack, 9 Bc4 Bd7 10 0-0-0 Qa5.} 16. e5 $1 Ne8 17. h5 Rxc3 18. bxc3 $16 (18. Qxc3 $6 Qxa2 19. hxg6 hxg6 $11) 18... Be6 (18... Qxa2 19. hxg6 Be6 (19... hxg6 $2 20. Qh2 $18) 20. Qh2 (20. gxh7+ Kh8 $18) (20. Rxh7 Qa3+ 21. Kb1 Bxb3 $11) 20... Bxb3 21. Qxh7+ (21. cxb3 Qa1+ 22. Kd2 Qa2+ 23. Kd3 Qxh2 $18) 21... Kf8 22. cxb3 Qxb3 23. Rd3 Qa3+ 24. Kd1 dxe5 25. gxf7 $18) 19. hxg6 fxg6 20. Qh2 $146 (20. Kb1 dxe5 21. Qh2 Nf6 22. Bg5 Nd5 23. Rd3 Kf7 24. Rhd1 Qc4 25. Qd2 Rd8 26. Kb2 Rd6 27. Re1 b5 {½-½ Smirnov,P (2575)-Kurayan,R (2242) Voronezh op-A 13th 2009 (9)}) 20... h6 {[%emt 0:01:39] A mistake that costs the game.} (20... dxe5 $16 {keeps fighting.} 21. Qxh7+ Kf7) 21. Bxh6 $18 Bxe5 {[%emt 0:00:44] [#]} 22. Bf4 Bxc3 (22... Bg7 23. Qh7+ Kf7) 23. Qh7+ Kf8 {[%emt 0:00:07] ( -> ...Qa3+)} 24. Rd3 (24. Qxg6 $2 {leads to mate.} Qa3+ 25. Kb1 Qb2#) 24... Bg7 25. Bh6 {[%emt 0:01:25] Active counter play!} (25. Qxg6 Bf7 26. Qf5 Qxa2 $18) 25... Rc8 26. Bxg7+ {[%emt 0:01:41] White is clearly winning.} ({Less strong is} 26. Qxg6 Rxc2+ 27. Kd1 (27. Kxc2 Qxa2+ 28. Kd1 Bxb3+ 29. Rxb3 Qxb3+ 30. Ke2 Bxh6 $11) 27... Rxa2 28. Bxg7+ Nxg7 29. Rh8+ Bg8 $16) 26... Nxg7 27. Qxg6 {[%emt 0:03:48] Rh7 is the strong threat.} Qxa2 (27... Bg8 $142 28. Kb1 Qc4) 28. Rh8+ Bg8 {[%emt 0:00:16] [#]} 29. Rd4 $1 {[%emt 0:02:48] Weighted Error Value: White=0.26 (precise) /Black=1.35  Loses game:     	---       	Black=1      Mistake:       	---       	Black=3      OK:         	White=7     	Black=2      Best:        	White=4     	---} 1-0

[Event "8th Montevideo Open 2025"]
[Site "Montevideo"]
[Date "2025.02.06"]
[Round "6.4"]
[White "Brizzi, Milagros Tatiana"]
[Black "Villegas, Franco"]
[Result "0-1"]
[Annotator "TA"]
[ECO "A05"]
[WhiteElo "2150"]
[BlackElo "2325"]
[PlyCount "100"]
[EventDate "2025.02.01"]
[EventType "swiss"]
[EventCountry "URU"]
[SourceTitle "playchess.com"]
[Source "ChessBase"]
[SourceQuality "1"]
[TimeControl "5400+30"]

1. e4 c5 2. Nf3 d6 3. d3 g6 4. g3 Bg7 5. Bg2 Nc6 6. O-O Nf6 7. c3 O-O 8. Re1 e5 9. a3 a5 {[%emt 0:01:09] A05: Réti Opening: 1 Nf3 Nf6.} 10. a4 h6 11. Na3 Re8 {[%emt 0:02:33] The position is equal.} 12. Nc4 Be6 13. Nfd2 {[%emt 0:04:29][%cal Bf3d2,Bd2f1,Bf1e3][%mdl 32] The position is symmetric and equal} Qc7 $146 (13... Rb8 14. Na3 d5 15. exd5 Bxd5 16. Ne4 Nxe4 17. dxe4 Be6 18. Qe2 b6 19. Be3 Qe7 {½-½ Chigaev,M (2579)-Kanep,M (2515) Liepajas Rokade op 2017 (6)}) 14. Qb3 Rad8 (14... Red8 $11) 15. Qb5 Nd7 16. Nf1 Na7 17. Qb3 Rb8 18. Nfe3 b5 (18... Nf6 $142) 19. axb5 $16 {[%emt 0:00:00][%csl Ob5] White has a strong passed pawn} Rxb5 20. Qc2 Nc6 (20... Nf6 $16) 21. Nd5 $18 Bxd5 22. exd5 Ne7 23. Qa4 Reb8 24. Nxa5 Nf6 25. Nc6 (25. f4 $18) 25... R8b7 $2 (25... Nxc6 $16 26. dxc6 d5) 26. Qa8+ Kh7 27. c4 R5b6 28. f4 Nf5 29. fxe5 dxe5 30. Nxe5 ({White should play} 30. Qa5 $18) 30... Nh5 (30... Rb8 $14 31. Qa7 R8b7) 31. Bf4 $2 (31. d6 $1 $18 Qxd6 32. Bxb7 Qd4+ 33. Kg2) 31... Nxf4 $1 $17 (31... Rxb2 32. Nxg6 Qd7 33. Be5 (33. Ne5 $2 Nxf4 34. gxf4 Bxe5 $19) 33... Rxg2+ (33... Kxg6 34. Bxb2 Rxb2 35. Qc6+ Qxc6 36. dxc6 $18) 34. Kxg2 $15) 32. gxf4 (32. d6 $2 Qxd6 (32... Nxd6 33. gxf4 Rb8 34. Qa7 $11) 33. gxf4 Qd4+ 34. Kh1 Rxb2 $19) 32... Rxb2 33. Qa5 $2 (33. d6 $17 Qxd6 (33... Rxg2+ 34. Kxg2 Nxd6 35. Reb1 $18) 34. Bd5 (34. Bxb7 $2 Qd4+ 35. Kh1 Qxf4 $19)) 33... Nh4 34. Qxc7 Rxg2+ 35. Kf1 Rxc7 36. d6 Rb7 ({Black should try} 36... Rc8 $1 $19 37. Ra7 Rd8 (37... Rxh2 $2 38. Rxf7 Ra8 39. Ng4 $19) 38. Nxf7 Rb8) 37. Reb1 $132 {[%emt 0:03:07][%mdl 2048] White has counterplay} Rd7 38. Nxd7 Bd4 {[%emt 0:00:00] Strongly threatening ...Rf2+.} 39. Ne5 $2 Rf2+ $19 {[%emt 0:00:00][%mdl 1024] Black has strong compensation.} 40. Ke1 Ng2+ 41. Kd1 {[%emt 0:00:23][%cal Oe5g4] [#]} Bc3 $1 (41... Nxf4 $2 42. Ng4 (42. Nxf7 Bxa1 43. Rb7 Rf1+ 44. Kd2 Rf2+ 45. Kd1 Rxh2 $11) 42... Rg2 43. Ra7 $18 (43. d7 Bc3 $18)) (41... Ne3+ 42. Ke1 Nc2+ (42... Rxh2 43. Rc1 $15) 43. Kd1 Ne3+ (43... Bxa1 $2 44. Rxa1 Ne3+ 45. Kc1 $18) (43... Nxa1 44. d7 $11) 44. Ke1 Ng2+ 45. Kd1 $15) 42. Ng4 {[%emt 0:00:51] Repels Ne3+} Rd2+ 43. Kc1 {[%emt 0:01:05] Black must now prevent Ra7.} Nxf4 44. Rb7 (44. Nf6+ Kg7 45. Ne8+ Kf8 $19) 44... Ne2+ (44... Nxd3+ 45. Kb1 Bxa1 46. Kxa1 $17) 45. Kb1 Rd1+ 46. Kc2 Rxa1 (46... Bxa1 $2 47. Kxd1 (47. Rxf7+ Kg8 $18) 47... Nd4 48. Rxf7+ Kg8 49. Nxh6+ Kh8 50. d7 $18) 47. Rxf7+ $2 {[%emt 0:00:34] [#]} (47. d4 Ra2+ (47... Bxd4 48. Rxf7+ Bg7 49. d7 $17) (47... Nxd4+ 48. Kxc3 Rc1+ 49. Kd2 $16) 48. Kb1 Ra1+ 49. Kc2) 47... Kh8 $1 {[%emt 0:00:00] ( -> ...Rc1+)} 48. d7 ({Not} 48. Rf8+ $2 Kg7 49. d4 Kxf8) (48. d4 $19 Ra2+ (48... Bxd4 $2 {too greedy.} 49. d7 $18) 49. Kd3 Rd2+ (49... Bxd4 $2 50. d7 $18) 50. Ke3 Nxd4 (50... Bxd4+ 51. Kxd2 Kg8 52. Nxh6+ Kh8 53. Kxe2 $18) 51. Nxh6 Nc2+ (51... Rxh2 $2 52. Ng4 $19) 52. Kf4) 48... Rc1+ {[%emt 0:00:00] Black mates.} 49. Kb3 Nd4+ 50. Ka4 Ra1# {[%emt 0:00:00] Weighted Error Value: White=0.65/Black=0.39  Loses game:     	White=3     	---        Missed win:     	White=1     	Black=1      Mistake:       	White=4     	Black=5      Inaccurate:     	White=4     	Black=4      OK:         	White=10    	Black=6      Best:        	White=4     	Black=10     Strong:       	---       	Black=3} 0-1

[Event "8th Montevideo Open 2025"]
[Site "Montevideo"]
[Date "2025.02.06"]
[Round "6.5"]
[White "Larrea, Manuel"]
[Black "Dominguez, Facundo"]
[Result "1-0"]
[Annotator "TA"]
[ECO "B45"]
[WhiteElo "2265"]
[BlackElo "2159"]
[PlyCount "99"]
[EventDate "2025.02.01"]
[EventType "swiss"]
[EventCountry "URU"]
[SourceTitle "playchess.com"]
[Source "ChessBase"]
[SourceQuality "1"]
[TimeControl "5400+30"]

1. e4 c5 2. Nf3 e6 3. d4 cxd4 4. Nxd4 Nf6 5. Nc3 Nc6 6. Nxc6 bxc6 7. e5 Nd5 8. Ne4 Qc7 9. f4 Qb6 10. c4 Bb4+ 11. Ke2 Ba6 12. Kf3 f5 13. Nf2 Ne7 14. Be3 Bc5 $1 15. Bxc5 {[%emt 0:04:29] B45: Sicilian Four Knights.} Qxc5 16. Qd6 Qb6 {[%emt 0:01:41] A sharp opening} 17. Rd1 {[%emt 0:09:05] White has an edge.} Qxb2 18. Nd3 {[%emt 0:16:47] White sacrificed a pawn} Qc3 (18... Qxa2 $11 19. Nc5 Bxc4 20. Bxc4 Qxc4) 19. Rc1 $14 Qd2 $146 {[%emt 0:00:52][%cal Og7g5] Counterplay White} (19... Qa5 20. Nc5 Kf7 21. g4 fxg4+ 22. Kxg4 Qa3 23. Bd3 Rhd8 24. Nxe6 Qb2 25. Ng5+ Ke8 26. Rc2 Qb6 27. c5 Qa5 28. Bxa6 Qxa6 29. f5 Qa4+ 30. Kg3 Nxf5+ {0-1 Silva,K (2199)-Zemlyanskii,I (2257) Titled Tuesday intern op 30th Aug Early blitz 2022 (1)}) 20. Qa3 ({White has to play} 20. Be2 $16) 20... g5 $1 $11 21. Be2 {[%emt 0:10:04] [#]} (21. Qxa6 $2 g4+ (21... Ng6 22. Re1 $17) 22. Kg3 Qe3+ 23. Kh4 Ng6+ 24. Kh5 (24. Kg5 $2 Nxf4 25. Kh4 Rg8 $19) 24... Nxf4+ 25. Nxf4 Qxf4 $19 (25... Qxc1 26. g3 $14)) (21. fxg5 $1 $11 c5 22. Qxa6 (22. Nxc5 Ng6 $11)) 21... gxf4 $1 22. Nxf4 Ng6 (22... Qd4 $1 $15 {feels stronger.} 23. Qe3 (23. Qxa6 $2 Qe4+ 24. Kf2 Qxf4+ 25. Bf3 Qd2+ 26. Be2 Qd4+ 27. Ke1 Qe3 $19) 23... c5) 23. Nxg6 hxg6 24. Rcd1 {[%emt 0:11:55] The board is on fire.} (24. Qxa6 $2 Rh4 (24... g5 25. Kf2 $19) 25. g3 Re4 $19) 24... Qg5 {[%emt 0:00:06][%cal Oa6c4] and ...Bxc4! should not be overlooked} 25. Qxa6 {[%emt 0:00:47] [#]} Rh4 $1 26. Kf2 Qf4+ (26... Re4 $11 27. Rhe1 (27. Qa3 $2 Rxe2+ 28. Kxe2 Qxg2+ 29. Ke1 Qxh1+ 30. Kd2 Qxh2+ 31. Kc1 Qf4+ 32. Rd2 Qxc4+ 33. Rc2 Qf4+ 34. Kb2 Rb8+ 35. Ka1 Qxe5+ 36. Qc3 Qxc3+ 37. Rxc3 g5 $19) 27... Qe3+ 28. Kf1 Rf4+ 29. Bf3 Rxf3+ 30. gxf3 Qxf3+ 31. Kg1 Qg4+ 32. Kf2 Qf4+ 33. Kg1 Qg4+) 27. Bf3 $16 {[%emt 0:01:32] Black is now going downhill.} Rb8 28. Qxa7 Rb2+ 29. Kg1 Qxc4 $2 (29... Rd2 $16) 30. Qxd7+ $18 Kf8 {[%emt 0:00:04][%cal Be8f8,Bf8g7,Bg7h6,Bh6g5][%mdl 32] ( -> ...Qc5+)} 31. Qd6+ (31. Bxc6 Qc5+ (31... Qxa2 32. Qd8+ Kg7 33. Rd7+ Kh6 34. Qxh4#)) (31. Qa7 $142 Rb7 32. Qa8+ (32. Qxb7 Qc5+ 33. Kf1 Rd4 $18) 32... Kg7 33. Qxb7+ Kh6 34. Qe7 (34. Qxc6 Qxc6 35. Bxc6 Rc4 $18) (34. Bxc6 Qc5+ 35. Kf1 Qc4+ 36. Ke1 Qc3+ 37. Ke2 Qc4+ 38. Rd3 Qxa2+ 39. Ke3 Rf4 $18)) 31... Kg7 32. h3 {[%emt 0:00:19] White wants to mate with Qe7+.} (32. Qxc6 Qxc6 33. Bxc6 Rxa2 $18) 32... Qf4 33. Qe7+ (33. Bxc6 $2 Qe3+ 34. Kh2 Rxh3#) 33... Kh6 34. Qf8+ (34. Qxe6 Qe3+ 35. Kh2 Qxf3) 34... Kg5 35. Qe7+ (35. Bxc6 $2 Qe3+ 36. Kh2 Rxh3#) 35... Kh6 36. Qc5 (36. Qxe6 Qe3+ 37. Kh2 Qxf3) 36... Rb5 $2 (36... Rxa2 37. Rh2 (37. Bxc6 Re2 $18) 37... Qb4 38. Qxb4 (38. Qxc6 Ra1 $16) 38... Rxb4) 37. Qc1 ({Worse is} 37. Qxc6 Qe3+ 38. Kh2 Qxe5+ 39. Kg1 (39. g3 Rb2+ 40. Bg2 Qe2 $11) 39... Qe3+ 40. Kh2 Qe5+ 41. Kg1 Qe3+ 42. Kh2 Qe5+ $11) 37... Rxe5 38. Qxf4+ ({Resist} 38. Bxc6 Re3 39. Bf3 Re5 40. Qxf4+ Rxf4 $18) (38. Qxc6 Qg3 39. Qc1+ Kg7 $18) 38... Rxf4 39. Bxc6 Rc5 40. Bd7 e5 41. Rd2 {[%emt 0:00:12] Prevents Rc2} e4 42. Kh2 e3 43. Re2 Rd4 44. Be6 f4 45. Rf1 g5 46. Ra1 {[%emt 0:00:39] White is winning.} Kg6 47. a4 Kf6 48. Bg4 {[%emt 0:00:13] and a5 would now be decisive} Ra5 49. Rea2 Ke5 50. Kg1 {[%emt 0:00:15] Weighted Error Value: White=0.62/Black=0.35  Loses game:     	---       	Black=2      Mistake:       	White=2     	Black=4      Inaccurate:     	White=1     	Black=3      OK:         	White=14    	Black=7      Best:        	White=5     	Black=3      Strong:       	---       	Black=2} 1-0

[Event "8th Montevideo Open 2025"]
[Site "Montevideo"]
[Date "2025.02.06"]
[Round "6.6"]
[White "De Lima, Adriano Gaspar"]
[Black "De Dovitiis, Alejo"]
[Result "1-0"]
[Annotator "TA"]
[ECO "E15"]
[WhiteElo "2073"]
[BlackElo "2225"]
[PlyCount "123"]
[EventDate "2025.02.01"]
[EventType "swiss"]
[EventCountry "URU"]
[SourceTitle "playchess.com"]
[Source "ChessBase"]
[SourceQuality "1"]
[TimeControl "5400+30"]

1. d4 Nf6 2. c4 e6 3. Nf3 b6 4. g3 Ba6 5. Qc2 Bb7 6. Bg2 c5 7. O-O Be4 8. Qa4 cxd4 9. Nxd4 Bxg2 10. Kxg2 Bc5 {[%emt 0:00:08] E15: Queen's Indian: 4 g3 sidelines, 4 g3 Ba6 and 4 g3 Bb7 early deviations.} 11. Nf3 O-O 12. b4 $146 (12. Nc3 Qe7 13. Bg5 h6 14. Bxf6 Qxf6 15. Rad1 Rd8 16. Rd2 Nc6 17. Rfd1 Qe7 18. a3 a5 19. Ne4 {1-0 Yoo,C (2455)-Olsen,F (2379) Titled Tuesday intern op 26th Jan blitz 2021 (2)}) 12... Be7 {[%emt 0:00:37] Not much happening anymore. The position is equal.} 13. Bb2 Nc6 14. a3 a5 15. b5 Nb8 16. Rd1 Qc7 17. Nbd2 Qb7 18. Rac1 d6 19. Kg1 e5 20. Qc2 Nbd7 21. Ng5 Nc5 22. f3 h6 23. Nge4 Nfxe4 24. Nxe4 Nxe4 25. Qxe4 Qxe4 26. fxe4 Bg5 27. Rc3 {[%emt 0:00:00] Dodges Be3+} f5 (27... Rfd8 $11 {keeps the balance.}) 28. exf5 Rxf5 29. Rxd6 {[%emt 0:00:00][%cal Og1g2] [#]} Be7 30. e4 (30. Rxb6 $2 Bc5+ 31. Kg2 Rf2+ (31... Bxb6 $2 32. c5 $19) 32. Kh3 Bxb6 $19) 30... Rf7 (30... Rff8 $11 31. Rd2 (31. Rxb6 $2 Bc5+ 32. Kg2 Rf2+ 33. Kh3 Bxb6 $19) 31... Rad8) 31. Rd2 $16 {[%emt 0:00:00] Black is now going downhill.} (31. Rxb6 $2 Bc5+ 32. Kg2 Rf2+ (32... Bxb6 $2 33. c5 $19) 33. Kh3 Bxb6 $19) 31... Raf8 {[%emt 0:00:00] ...Bc5+ would now be deadly.} 32. Rcc2 g5 33. Bxe5 Bxa3 34. Bd6 {[%emt 0:00:00] White is more active.} Bxd6 (34... Bb4 $16) 35. Rxd6 {[%emt 0:00:00][%mdl 4096] Endgame KRR-KRR. White is a pawn up.} Rf6 {[%emt 0:00:05] [#]} 36. Rcd2 Kg7 (36... Rxd6 $16 {keeps fighting.} 37. Rxd6 Kf7) 37. e5 $18 Rxd6 (37... Rf5 38. Rd7+ (38. Rxb6 Rxe5 39. Rd7+ Rf7 $18) 38... Kg6 39. R7d6+ Kg7) 38. exd6 {[%emt 0:03:02] KR-KR. White is a pawn up.} ({Not} 38. Rxd6 a4 $16) 38... Rd8 39. d7 g4 40. Rd6 (40. c5 $142 {Threatening mate with c6.} bxc5 41. b6) 40... h5 (40... Kf8 $142 41. Kf2 (41. Rxb6 Rxd7 42. Rxh6 Kg7 $18) 41... Ke7 42. Rxb6 Kxd7) 41. Rxb6 Rxd7 42. c5 a4 43. c6 Rd1+ 44. Kf2 {[%emt 0:00:05] Hoping for c7.} Rc1 45. Ra6 (45. Rb7+ $142 Kf6 46. c7) 45... Rc5 46. Rxa4 Rxb5 47. Rc4 Rb8 48. c7 Rc8 49. Rc6 (49. Ke3 $142 Kf7 50. Kf4) 49... Kf7 50. Ke3 Ke7 51. Kf4 Kd7 52. Rc2 Rf8+ 53. Kg5 Kc8 54. Kxh5 Rg8 55. Rc4 Rg7 56. Rxg4 Rh7+ 57. Kg6 Rxc7 58. Rd4 (58. h4 $142 Rc6+ 59. Kh5) 58... Rc3 59. g4 {[%emt 0:00:21][%cal Bg3g4,Bg4g5][%mdl 32] White mates.} Rh3 60. Rd2 Rh8 61. g5 Rg8+ 62. Kf6 {[%emt 0:03:04] Weighted Error Value: White=0.32/Black=1.00  Mistake:       	---       	Black=5      Inaccurate:     	White=4     	Black=3      OK:         	White=7     	Black=9      Best:        	White=3     	Black=1} (62. Kh6 $142 Rh8+ 63. Kg7 Rh4 64. g6 Kb7 65. Rf2 Rd4 66. h4 Rxh4 67. Kf7) 1-0

[Event "8th Montevideo Open 2025"]
[Site "Montevideo"]
[Date "2025.02.06"]
[Round "6.7"]
[White "Curi, Gabriel"]
[Black "Shoker, Samy"]
[Result "0-1"]
[Annotator "TA"]
[ECO "B06"]
[WhiteElo "2115"]
[BlackElo "2446"]
[PlyCount "110"]
[EventDate "2025.02.01"]
[EventType "swiss"]
[EventCountry "URU"]
[SourceTitle "playchess.com"]
[Source "ChessBase"]
[SourceQuality "1"]
[TimeControl "5400+30"]

1. e4 g6 2. d4 Bg7 3. Nc3 d6 4. g3 Nc6 5. Nge2 Bg4 6. Qd3 {[%emt 0:00:08] B06: Modern Defence.} a6 7. a3 f5 $146 (7... e5 8. d5 Nce7 9. f3 Bd7 10. g4 h5 11. g5 h4 12. Be3 Nc8 13. a4 Nge7 {0-1 Koubova,A (2117)-Hryshchenko,K (2037) London Menchik Memorial 1st 2022 (3)}) 8. Bg2 (8. f3 $14 fxe4 9. fxe4) 8... fxe4 $11 9. Bxe4 Nf6 10. Bg2 Bf5 11. Qd1 Qd7 (11... e5 $11) 12. O-O (12. d5 $1 $14 Ne5 13. h3) 12... O-O 13. d5 Nd8 14. Be3 c5 15. dxc6 (15. a4 $11) 15... bxc6 $15 16. Nd4 Bh3 17. f4 Rb8 18. b4 (18. Rb1 $15) 18... Bxg2 $1 $17 19. Kxg2 Nf7 (19... Ng4 $17 20. Qd2 c5) 20. Qd3 $15 Ng4 {[%emt 0:06:22] White must now prevent ...e5.} 21. Rad1 (21. h3 $11 {and White stays safe.} Nxe3+ 22. Qxe3) 21... e5 $19 22. Nde2 Qb7 ({Black should play} 22... Nxe3+ $17 23. Qxe3 a5 (23... d5 24. Na4 $17) 24. bxa5 d5) 23. Bg1 $11 Nf6 24. h3 (24. fxe5 $5 c5+ (24... dxe5 25. Bc5 $14) (24... Nxe5 25. Qxd6 c5+ 26. Nd5 $11) 25. Qf3 Qxf3+ (25... Nxe5 26. Qxb7 Rxb7 27. Rxd6 $14) 26. Rxf3 Nxe5 (26... dxe5 27. Bxc5 Rfe8 28. Rdf1 $16) 27. Rf4 $11) 24... c5+ (24... exf4 25. Nxf4 Rfe8 26. Kh2 d5) 25. Kh2 cxb4 26. axb4 exf4 27. gxf4 Rbc8 (27... Qxb4 28. Rb1 Qa5 29. Ra1 Qc7) 28. Bd4 Rfe8 (28... Qxb4 $2 29. Bxf6 Bxf6 30. Nd5 $18) (28... Nd8 $11) 29. Bxf6 $14 Bxf6 30. Nd5 Bg7 31. c4 {[%emt 0:00:21] Strong Square White (d5) Inhibits Qb5.} Nh6 (31... Kh8 $14) 32. Ng3 $16 {[%emt 0:00:12] Excellent horsemanship.} Qc6 33. Rc1 Kh8 34. Rfe1 {[%emt 0:01:00] and Ne7 would now be decisive} Rxe1 35. Rxe1 Ng8 {[%emt 0:00:05] [#]} (35... Qxc4 $2 36. Re8+ Ng8 37. Qxc4 Rxc4 38. Ne7 $18) 36. Re4 (36. Ne4 $1 $16) 36... Rf8 $14 37. Qe2 Qa4 38. Qd3 Qa1 39. Kg2 (39. Qd2 {simplifies} Qa4 40. Nf1 g5 41. Ng3) 39... a5 40. bxa5 Qxa5 (40... Ra8 {keeps more tension.} 41. h4 Rxa5 42. Re8 Ra2+) 41. Re2 Qa8 42. Re4 Qa1 43. Qf1 Qa4 44. Qd3 Rb8 45. Re2 Qa1 46. Rd2 Rb1 47. Kh2 Rc1 48. Rc2 $2 (48. Re2 $11) 48... Rb1 $2 (48... Qd4 $19 49. Qxd4 Rxc2+ 50. Qf2 Rxf2+ 51. Kh1 Nf6 52. Nxf6 Bxf6) 49. Rd2 $11 Rc1 $2 $40 {[%emt 0:00:21][%mdl 8320] White needs to defend precisely.} (49... Re1 $11) 50. Rc2 $19 Qb1 $2 (50... Qd4 $19 {( -> ...Qg1#)} 51. Qxd4 Rxc2+ 52. Qf2 Rxf2+ 53. Kh1 Nf6) 51. Rd2 Qxd3 52. Rxd3 Rxc4 53. Ne3 (53. Kg2 $15) 53... Rxf4 $17 54. Rxd6 Be5 55. Rd1 {[%emt 0:00:08][%mdl 8192] [#]} (55. Rd5 $17 {nothing else works.} Rf2+ 56. Ng2) 55... Rf2+ $1 {[%emt 0:02:33] Weighted Error Value: White=0.42/Black=0.31  Loses game:     	White=2     	---        Missed win:     	---       	Black=2      Mistake:       	White=7     	Black=5      Inaccurate:     	White=3     	Black=4      OK:         	White=14    	Black=18     Best:        	White=5     	Black=1      Strong:       	---       	Black=1} 0-1